 Dungeon Crawl Stone Soup version 0.31-a0-667-g39726597b9 (webtiles) character file.

Game seed: 9116299498354202829

175 qw the Shooter (level 5, -4/32 HPs)
             Began as a Gargoyle Hunter on Sept 3, 2023.
             Slain by a gnoll
             ... wielding a +0 halberd
             ... led by a gnoll bouda
              (5 damage)
             ... on level 4 of the Dungeon.
             The game lasted 00:01:21 (1739 turns).

qw the Shooter (Gargoyle Hunter)                    Turns: 1739, Time: 00:01:22

Health: -4/32      AC: 10    Str: 14    XL:     5   Next: 55%
Magic:  5/5        EV: 11    Int: 10    God:
Gold:   137        SH:  0    Dex: 15    Spells: 4/4 levels left

rFire   . . .        Y - +0 shortbow
rCold   . . .        (shield currently unavailable)
rNeg    + . .        e - +0 ring mail
rPois   inf          (no helmet)
rElec   +            h - +0 cloak
rCorr   .            (no gloves)
SInv    .            (no boots)
Will    .....        (no amulet)
Stlth   +            (no ring)
HPRegen 0.25/turn    (no ring)
MPRegen 0.09/turn

%: no passive effects
@: no status effects
A: sickness immunity, AC +4, negative energy resistance 1, electricity
resistance, torment resistance 1, petrification resistance
a: no special abilities


You were on level 4 of the Dungeon.
You visited 1 branch of the dungeon, and saw 4 of its levels.

You collected 137 gold pieces.


Innate Abilities, Weirdness & Mutations

You are immune to sickness and miasma.
Your stone body is resilient. (AC +4)
You are immune to poison.
You resist negative energy. (rN+)
You are resistant to electric shocks. (rElec)
You are resistant to unholy torment.
You are immune to petrification.


   Skills:
 - Level 3.0 Fighting
 + Level 5.9 Ranged Weapons
 - Level 2.0 Armour
 - Level 1.5 Dodging
 - Level 1.1 Stealth


You had 4 spell levels left.
You didn't know any spells.
Your spell library was empty.

Inventory:

Hand Weapons
 Y - a +0 shortbow (weapon)
Armour
 e - a +0 ring mail (worn)
 h - a +0 cloak (worn)
Scrolls
 d - a scroll of identify
Potions
 c - a potion of mutation {unknown}
 g - a potion of might {unknown}
 j - a potion of magic {unknown}

Dungeon Overview and Level Annotations

Branches:
Dungeon (4/15)
 Temple: D:4-7

Altars:
Elyvilon
Vehumet


Message History

Enter note:
1731 |||
Found retreat position at -2,2 (floor) with 0 blocking monsters and 3 monsters attacking at destination at distance 3
1731 ||| Stepping ~*~*~tactically~*~*~ (retreating).
The centaur wields a +0 shortbow.
The centaur shoots an arrow.
The arrow misses you. The goblin misses you.
Enter note:
1732 |||
Found retreat position at -2,1 (floor) with 0 blocking monsters and 2 monsters attacking at destination at distance 2
1732 ||| Stepping ~*~*~tactically~*~*~ (retreating).
The gnoll closely misses you.
Enter note:
1733 |||
Found retreat position at -1,0 (floor) with 0 blocking monsters and 3 monsters attacking at destination at distance 1
1733 ||| Stepping ~*~*~tactically~*~*~ (retreating).
The gnoll closely misses you.
The kobold throws a stone.
The stone hits you but does no damage.
You shoot an arrow. The arrow hits the gnoll.
The gnoll is moderately wounded.
The kobold throws a stone.
The stone closely misses you. The gnoll hits you but does no damage.
You shoot an arrow. The arrow hits the gnoll!
The gnoll is heavily wounded.
The gnoll hits you from afar with a +0 halberd.
The gnoll hits you with a +0 flail.
You shoot an arrow. The arrow closely misses the gnoll.
The arrow hits the gnoll!
The gnoll is almost dead.
The gnoll hits you from afar with a +0 halberd!
The gnoll barely misses you.
You shoot an arrow. The arrow barely misses the gnoll.
The arrow closely misses the gnoll.
The gnoll closely misses you. The gnoll hits you but does no damage.
The gnoll hits you from afar with a +0 halberd.
You shoot an arrow. The arrow hits the gnoll.
The gnoll is almost dead.
The gnoll barely misses you.
The gnoll hits you from afar with a +0 halberd.
The gnoll hits you with a +0 flail.
You shoot an arrow. The arrow hits the gnoll.
You kill the gnoll!
The gnoll hits you from afar with a +0 halberd.
You die...

..## .. ..# .. # ...#...
..###.### ###.#........
.......
..#..#.......#####..#.#
#......#.#....$...B...##...
##...#>..#^..# #S)g......
#..#...%##...# #gc#...#..
#.###....#...#####K## .##
.....#...#......@)g.# g#
................##...._...
.....##....>....##..#...#..
..........#.###.#..###.## g
.....##.#......>#...# ..#
.....##.###.......... ...
.##.###.# ###........ .#
.##..##.# ##.........
.###.##.# #.%..).....


You could see a centaur, 2 gnolls and a kobold.

Vanquished Creatures
  A scorpion (D:4)
  A jelly (D:4)
  Ijyb (D:4)
  A gnoll (D:4)
  2 adders
  A dart slug (D:1)
  2 orcs
  3 bats (D:1)
  5 endoplasms
  3 goblins
  A hobgoblin (D:2)
  4 jackals (D:1)
  4 kobolds
  3 quokkas
  3 ball pythons
  A frilled lizard (D:2)
  7 rats
43 creatures vanquished.

Notes
Turn   | Place    | Note
-------+----------+-------------------------------------------
     0 | D:1      | qw the Gargoyle Hunter began the quest for the Orb.
     0 | D:1      | Reached XP level 1. HP: 12/12 MP: 1/1
     0 | D:1      | 0 ||| qw: Version: 0.3-a-75-g5245507
     0 | D:1      | 0 ||| qw: Game counter: 25
     0 | D:1      | 0 ||| qw: Melee chars always use a shield: true
     0 | D:1      | 0 ||| qw: God list: Okawaru
     0 | D:1      | 0 ||| qw: Allow faded altars: false
     0 | D:1      | 0 ||| qw: Do Orc after clearing Dungeon:15 true
     0 | D:1      | 0 ||| qw: Do second Lair branch before Depths: true
     0 | D:1      | 0 ||| qw: Lair rune preference: random
     0 | D:1      | 0 ||| qw: Goals: Normal
     0 | D:1      | 0 ||| PLANNING D:1-11
    64 | D:1      | Reached XP level 2. HP: 17/17 MP: 2/2
   509 | D:1      | Reached XP level 3. HP: 21/21 MP: 3/3
   524 | D:1      | 524 ||| UPGRADING to +0 cloak.
   529 | D:1      | 529 ||| READING 4 scrolls labelled QUOFEWOUPPEF.
   530 | D:1      | 530 ||| READING scroll labelled ZASOAL EMOG.
   531 | D:1      | 531 ||| READING scroll labelled ROEREL VOTO.
   532 | D:1      | 532 ||| READING scroll labelled TEEVEJE XINOMN.
   533 | D:1      | 533 ||| READING scroll labelled MAUTUWK GAAKH.
   534 | D:1      | 534 ||| DROPPING 3 scrolls of vulnerability.
   535 | D:1      | 535 ||| DROPPING scroll of butterflies.
   635 | D:2      | Reached skill level 5 in Ranged Weapons
   977 | D:2      | 977 ||| UPGRADING to +0 ring mail.
   987 | D:2      | 987 ||| DROPPING +0 leather armour.
   988 | D:2      | 988 ||| READING scroll labelled XUOGREZYAF.
   989 | D:2      | 989 ||| READING scroll labelled BIKHLI NIOF.
  1090 | D:2      | 1090 ||| READING scroll labelled EKLIZX DUOLANG.
  1209 | D:3      | Found a white marble altar of Elyvilon.
  1563 | D:3      | 1563 ||| READING scroll labelled TAUCKIPPOIK.
  1564 | D:3      | 1564 ||| READING 2 scrolls of identify.
  1564 | D:3      | 1564 ||| IDENTIFYING metallic brown potion
  1565 | D:3      | 1565 ||| DROPPING potion of brilliance.
  1580 | D:4      | 1580 ||| PLANNING OSSUARY
  1580 | D:4      | Noticed Ijyb
  1588 | D:4      | Killed Ijyb
  1589 | D:4      | Reached XP level 4. HP: 24/27 MP: 4/4
  1613 | D:4      | Reached skill level 3 in Fighting
  1632 | D:4      | Reached XP level 5. HP: 32/32 MP: 5/5
  1715 | D:4      | Found a radiant altar of Vehumet.
  1724 | D:4      | Noticed a centaur
  1727 | D:4      | 1727 ||| Stepping ~*~*~tactically~*~*~ (retreating).
  1731 | D:4      | 1731 ||| Stepping ~*~*~tactically~*~*~ (retreating).
  1732 | D:4      | 1732 ||| Stepping ~*~*~tactically~*~*~ (retreating).
  1733 | D:4      | 1733 ||| Stepping ~*~*~tactically~*~*~ (retreating).
  1738 | D:4      | HP: 5/32 [gnoll/+0 halberd[a gnoll bouda] (5)]
  1738 | D:4      | HP: 1/32 [gnoll/+0 flail[a gnoll bouda] (4)]
  1739 | D:4      | Slain by a gnoll

Levels and vault maps discovered:
D:1:      ncdulo_wetmaze, layout_rooms
D:2:      layout_rooms, hangedman_decor_riveting, kennysheep_generic_room_3
D:3:      layout_rooms, elyvilon_altar_1
D:4:      layout_rooms, vehumet_crystals, fedhas_altar_2,
          okawaru_metal_pillars_1_2, enter_ossuary_3,
          minmay_fractal_squares_diagonal_5, uniq_ijyb

Skill      XL: |  1  2  3  4 |
---------------+-------------+-----
Ranged Weapons | 5 |  5.9
Armour         | 2 |  2.0
Fighting       | 3 |  3.0
Dodging        | |  1.5
Stealth        | |  1.1

Action                     |  1- 3 |  4- 6 || total
---------------------------+-------+-------++-------
   Fire: Shortbow          |   106 |    46 ||   152
    Use: Scroll            |    10 |       ||    10
 Armour: Leather armour    |    27 |       ||    27
         Ring mail         |     6 |    42 ||    48
  Dodge: Dodged            |    29 |    30 ||    59

Table legend:
 A = Non-vault XP
 B = Vault XP
 C = Vault XP percentage of total XP
 D = Non-vault monster count
 E = Vault monster count
 F = Vault count percentage of total count
                 A         B        C        D         E       F
            +---------+---------+-------+---------+---------+-------
      Total |     227 |      38 |  14.3 |      41 |       2 |   4.7
            +---------+---------+-------+---------+---------+-------
        D:1 |      35 |       0 |   0.0 |      19 |       0 |   0.0
        D:2 |      26 |       2 |   7.1 |       9 |       1 |  10.0
        D:3 |      10 |       0 |   0.0 |       5 |       0 |   0.0
        D:4 |     156 |      36 |  18.8 |       8 |       1 |  11.1
            +---------+---------+-------+---------+---------+-------
